 Dungeon Crawl Stone Soup version 0.21.1-1-g345015f (webtiles) character file.

161 poirepourri the Changer (level 5, -4/37 HPs)
             Began as a Merfolk Transmuter on July 16, 2018.
             Slain by an orc priest
             ... wielding a +0 mace
              (7 damage)
             ... on level 3 of the Dungeon.
             The game lasted 00:04:18 (3197 turns).

poirepourri the Changer (Merfolk Transmuter)        Turns: 3197, Time: 00:04:19

Health: -4/37      AC:  2    Str: 11    XL:     5   Next: 42%
Magic:  6/8        EV: 21    Int: 12    God:
Gold:   102        SH:  0    Dex: 20    Spells: 2/8 levels left

rFire    . . .     SeeInvis .     - Unarmed
rCold    . . .     Gourm    .   (shield currently unavailable)
rNeg     . . .     Faith    .   (armour currently unavailable)
rPois    x         Spirit   .   (helmet currently unavailable)
rElec    .         Reflect  .   (cloak currently unavailable)
rCorr    .         Harm     .   (gloves currently unavailable)
MR       .....                  (boots currently unavailable)
Stlth    ++........             (no amulet)
HPRegen  0.12/turn              (no ring)
MPRegen  0.11/turn              (no ring)

@: spider-form (expiring)
A: tiny, (change form in water), (swift swim), (stealthy swim)
a: End Transformation


You were on level 3 of the Dungeon.
You were not hungry.
You were a venomous arachnid creature.
You visited 1 branch of the dungeon, and saw 3 of its levels.

You collected 102 gold pieces.

Inventory:

Missiles
 a - 53 arrows
Armour
 b - a +1 robe (melded)
Jewellery
 j - an uncursed ring of see invisible {unknown}
Scrolls
 g - a scroll of remove curse
Potions
 e - a potion of lignification {unknown}
 f - 4 potions of curing
 h - a potion of flight {unknown}
 i - a potion of heal wounds {unknown}
 k - 2 potions of degeneration {unknown}
Books
 c - a book of Changes

   Spells                             Type                      Level
   a - Beastly Appendage              Transmutation                1
   b - Sticks to Snakes               Transmutation                2
   c - Spider Form                    Transmutation/Poison         3
   d - Ice Form                       Ice/Transmutation            4
   e - Blade Hands                    Transmutation                5
Comestibles
 d - 2 rations


   Skills:
 - Level 1.1 Fighting
 - Level 2.6 Dodging
 + Level 4.7 Unarmed Combat
 - Level 2.0 Spellcasting
 - Level 6.0 Transmutations


You had 2 spell levels left.
You knew the following spells:

 Your Spells              Type           Power        Failure   Level  Hunger
a - Beastly Appendage     Tmut           ###...       9%          1    ##.....
b - Sticks to Snakes      Tmut           ###.....     12%         2    ###....
c - Spider Form           Tmut/Pois      #.........   45%         3    ####...


Dungeon Overview and Level Annotations

Branches:
Dungeon (3/15)

Altars:
Ashenzari
Elyvilon

Annotations:
D:3 Merlin's ghost, amateur DsCK


Message History

You hit the gnoll.
The gnoll is poisoned.
The gnoll is moderately wounded.
The gnoll hits you with a flail! The hobgoblin completely misses you.
The orc priest closely misses you.
You completely miss the orc priest. The hobgoblin barely misses you.
The gnoll completely misses you.
You hit the kobold.
You kill the kobold!
The orc priest hits you with a mace. The hobgoblin completely misses you.
The gnoll hits you with a flail!
You hit the orc priest.
The orc priest is poisoned.
The orc priest is moderately wounded.
Your transformation is almost over.
The hobgoblin barely misses you. The orc priest hits you with a mace!
* * * LOW HITPOINT WARNING * * *
Unknown command.
You closely miss the hobgoblin. The gnoll misses you.
The hobgoblin hits you but does no damage.
The orc priest hits you with a mace!
You die...

.. #. #. .# #####. #. .. .
[..... #.#+#...... ......
...?...... #.....
####.#.#.#...# # #.....
....%#.#)#...# .#
......###.......#g#...##.#
♣....<....♣ ♣os†...(...#
♣P.P...o§♣♣ ♣♣♣gJ.#....#
♣P.♣♣PP♣♣.♣ ♣.PP#<...# ..


PgPo P♣ ♣P...#.#.# .#.oo §P.P..♣♣P.#... ....!.. .♣ ♣ ♣♣.....# .# .._.. P ♣.♣...#
.. S..(... g.##..# .♣. ..# You could see an orc priest, a gnoll, an ooze and a
hobgoblin.

Vanquished Creatures
  Jessica (D:2)
  5 adders (D:2)
  An ooze (D:2)
  A dart slug (D:2)
  3 leopard geckos
  2 orcs
  11 giant cockroaches (D:2)
  5 goblins
  6 hobgoblins
  6 jackals
  9 kobolds
  A quokka (D:2)
  7 bats
  7 frilled lizards
  6 rats
71 creatures vanquished.

Vanquished Creatures (collateral kills)
  A gnoll (D:1)
  A giant cockroach (D:2)
2 creatures vanquished.

Vanquished Creatures (others)
  A plant (D:3)
1 creature vanquished.

Grand Total: 74 creatures vanquished

Notes
Turn   | Place    | Note
-------+----------+-------------------------------------------
     0 | D:1      | poirepourri the Merfolk Transmuter began the quest for the Orb.
     0 | D:1      | Reached XP level 1. HP: 15/15 MP: 3/3
    59 | D:1      | Reached skill level 3 in Transmutations
   136 | D:1      | Reached XP level 2. HP: 21/21 MP: 3/5
   180 | D:1      | Learned a level 2 spell: Sticks to Snakes
   261 | D:1      | Reached skill level 4 in Transmutations
   538 | D:1      | Reached XP level 3. HP: 19/26 MP: 4/6
   657 | D:1      | Learned a level 3 spell: Spider Form
  1226 | D:2      | Found a shattered altar of Ashenzari.
  1247 | D:2      | Reached skill level 5 in Transmutations
  1595 | D:2      | Reached XP level 4. HP: 14/32 MP: 5/7
  2101 | D:2      | Reached skill level 6 in Transmutations
  2129 | D:2      | Noticed Jessica
  2138 | D:2      | Killed Jessica
  2282 | D:2      | Reached XP level 5. HP: 31/37 MP: 4/8
  2777 | D:3      | Found a white marble altar of Elyvilon.
  2781 | D:3      | Noticed Merlin's ghost (amateur DsCK)
  3197 | D:3      | Slain by an orc priest

Skill      XL: |  1  2  3  4 |
---------------+-------------+-----
Transmutations | 3 4 5 6 |  6.0
Unarmed Combat | 4 |  4.7
Fighting       | |  1.1
Dodging        | |  2.6
Spellcasting   | |  2.0

Action                   |  1- 3 |  4- 6 || total
-------------------------+-------+-------++-------
Melee: Unarmed           |   110 |   115 ||   225
       Headbutt          |    12 |    12 ||    24
       Punch             |       |     3 ||     3
 Cast: Beastly Appendage |    18 |    11 ||    29
       Sticks to Snakes  |     2 |     1 ||     3
       Spider Form       |     1 |     3 ||     4
  Use: Scroll            |     3 |     3 ||     6
 Stab: Sleeping          |       |     1 ||     1
  Eat: Ration            |     1 |     2 ||     3
Armor: Robe              |    21 |    35 ||    56
       Skin              |       |     3 ||     3
Dodge: Dodged            |    90 |   105 ||   195
